 Dungeon Crawl Stone Soup version 0.24-a0-459-g225fefd530 (webtiles) character file.

Game seed: 15960177384949848920

81 mhoghedin the Stinger (level 4, -1/27 HPs)
             Began as an Octopode Venom Mage on June 30, 2019.
             Slain by an adder (4 damage)
             ... on level 4 of the Dungeon.
             The game lasted 00:03:18 (2040 turns).

mhoghedin the Stinger (Octopode Venom Mage)         Turns: 2040, Time: 00:03:19

Health: -1/27      AC:  1    Str:  7    XL:     4   Next: 42%
Magic:  0/7        EV: 13    Int: 18    God:
Gold:   143        SH:  0    Dex: 12    Spells: 4/7 levels left

rFire    + . .     SeeInvis .   c - +0 club
rCold    x . .     Gourm    .   (no shield)
rNeg     . . .     Faith    .   (helmet restricted)
rPois    .         Spirit   .   (no amulet)
rElec    .         Reflect  .   l - ring of protection from magic {MR+, !d}
rCorr    .         Harm     .   i - ring of fire {rF+, rC-}
MR       +....                  (no ring)
Stlth    +++.......             (no ring)
HPRegen  0.09/turn              (no ring)
MPRegen  0.10/turn              (no ring)
                                (no ring)
                                (no ring)

@: lethally poisoned (-1 -> -12), very slightly contaminated
A: almost no armour, stealthy swim, amphibious, 8 rings, constrict 8, camouflage
1, gelatinous body 1
a: no special abilities


You were on level 4 of the Dungeon.
You were very hungry.

You visited 1 branch of the dungeon, and saw 4 of its levels.

You collected 143 gold pieces.

Inventory:

Hand Weapons
 c - a +0 club (weapon)
   (You took it off a hobgoblin on level 1 of the Dungeon)
Jewellery
 i - a ring of fire (right tentacle) {rF+, rC-}
   (You found it on level 1 of the Dungeon)
 l - a ring of protection from magic (left tentacle) {MR+, !d}
   (You found it on level 2 of the Dungeon)
Scrolls
 f - a scroll of teleportation {unknown}
 g - 2 scrolls of identify
 j - a scroll of remove curse {unknown}
 k - a scroll of fog {unknown}
Potions
 d - a potion of degeneration {unknown}
 e - 2 potions of curing
 h - a potion of lignification {unknown}
 m - a potion of heal wounds {unknown}
Comestibles
 b - 4 rations


   Skills:
 - Level 2.0 Dodging
 - Level 2.6 Stealth
 - Level 2.2 Spellcasting
 - Level 1.3 Conjurations
 + Level 2.3 Air Magic
 + Level 4.9 Poison Magic


You had 4 spell levels left.
You knew the following spells:

 Your Spells              Type           Power        Failure   Level  Hunger
a - Sting                 Conj/Pois      ##..         4%          1    #......
b - Poisonous Vapours     Pois/Air       ###...       6%          2    ###....

Your spell library contained the following spells:

 Spells                   Type           Power        Failure   Level  Hunger
 Mephitic Cloud           Conj/Pois/Air  ##......     17%         3    ###....
 Olgreb's Toxic Radiance  Pois           ###.....     22%         4    #####..
 Venom Bolt               Conj/Pois      ##........   80%         5    ######.


Dungeon Overview and Level Annotations

Branches:
Dungeon (4/15)
 Temple: D:4-7

Altars:


Innate Abilities, Weirdness & Mutations

You cannot wear most types of armour.
You are very stealthy in the water. (Stealth+)
You are amphibious.
You can wear up to eight rings at the same time.
You can use your tentacles to constrict eight enemies at once.
Your skin changes colour to match your surroundings (Stealth+).
Your rubbery body absorbs attacks. (AC +1, EV +1)


Message History

You now have 1/7 mp.
You don't have enough magic to cast that spell.
Aim: a rat (resting)
The sting hits the rat.
The rat closely misses you.
Health restored: 27
Aim: a rat (severely wounded)
The sting hits the rat.
The rat is poisoned.
You kill the rat!
You now have 0/7 mp.
You don't have enough magic to cast that spell.
You start resting.
All of the chunks of flesh in your inventory have rotted away.
Your magical contamination has completely faded away.
You regained 2 mp, and now have 2/7 mp.
You start resting.
MP restored: 7
g - 3 scrolls labeled ZEJEPO KASHRAOX (gained 1)
Found a stone staircase leading up.
You are feeling hungry.
You see here a club.
Done exploring.
As you read the scroll labeled ZEJEPO KASHRAOX, it crumbles to dust.
It is a scroll of identify.
e - 2 potions of curing Done exploring.
Done exploring.
Done exploring.
(D) Dungeon
Where to? (Enter - D:2, ? - help)
You see here a club.
There is a stone staircase leading down here.
You climb downwards.
There is a stone staircase leading up here.
Found a stone staircase leading down.
A kobold comes into view.
The kobold throws a poisoned dart.
The poisoned dart closely misses you.
You see here a poisoned dart.
Aim: a kobold You miscast Poisonous Vapours.
You are very lightly contaminated with residual magic.
You feel faint for a moment.
The kobold throws a poisoned dart.
The poisoned dart hits you!
You are poisoned.
You now have 5/7 mp.
Aim: a kobold Poisonous vapours surround the kobold!
You feel sick.
The kobold is engulfed in poison gas.
The kobold is poisoned.
You kill the kobold!
You take 1 damage, and have 26/27 hp.
You now have 3/7 mp.
Unknown command.
You feel sick.
You feel sick.
You take 1 damage, and have 25/27 hp.
You are feeling very hungry.
You feel sick.
You take 1 damage, and have 24/27 hp.
A leopard gecko comes into view.
You feel sick.
You take 1 damage, and have 23/27 hp.
An adder comes into view.
You feel sick.
You take 1 damage, and have 22/27 hp.
A bullfrog comes into view.
The adder hisses angrily.
There is a stone staircase leading down here.
You feel sick. The adder bites you.
You are more poisoned.
The adder poisons you! The leopard gecko bites you.
You climb downwards.
You feel sick.
There is a stone staircase leading up here.
Unknown command.
You take 6 damage, and have 16/27 hp.
MASSIVE DAMAGE!!
Aim: an adder Poisonous vapours surround the adder!
The adder is engulfed in poison gas.
The adder is poisoned.
The adder completely misses you.
The leopard gecko completely misses you.
You now have 2/7 mp.
Aim: an adder (moderately wounded, poisoned) Poisonous vapours surround the adder!
You feel sick.
The adder is engulfed in poison gas.
The adder looks even sicker.
The adder bites you.
You are lethally poisoned!
The adder poisons you! The leopard gecko closely misses you.
The adder is engulfed in poison gas.
The adder looks even sicker.
The adder bites you.
You take 6 damage, and have 10/27 hp.
MASSIVE DAMAGE!!
You now have 0/7 mp.
You hit the adder but do no damage. Your grab misses the adder.
You feel sick. The leopard gecko bites you.
* * * LOW HITPOINT WARNING * * *
The adder bites you but does no damage. The leopard gecko misses you.
You take 4 damage, and have 6/27 hp.
You hit the adder but do no damage. Your grab misses the adder.
* * * LOW HITPOINT WARNING * * *
You feel sick. The adder bites you.
* * * LOW HITPOINT WARNING * * *
The leopard gecko closely misses you. The adder bites you.
You die...

### #.#
#######.#
.......S#
#@# #l#
... ...#.
......#
...... #
.......
.........


You could see an adder and a leopard gecko.

Vanquished Creatures
  4 adders (D:2)
  A dart slug (D:1)
  3 leopard geckos
  A giant cockroach (D:1)
  8 goblins
  4 hobgoblins
  7 kobolds
  3 quokkas (D:2)
  3 bats
  2 frilled lizards (D:2)
  4 rats (D:2)
40 creatures vanquished.

Notes
Turn   | Place    | Note
-------+----------+-------------------------------------------
     0 | D:1      | mhoghedin the Octopode Venom Mage began the quest for the
                  | Orb.
     0 | D:1      | Reached XP level 1. HP: 11/11 MP: 3/3
   148 | D:1      | Reached XP level 2. HP: 17/17 MP: 1/5
   188 | D:1      | Learned a level 2 spell: Poisonous Vapours
   367 | D:1      | Reached skill level 4 in Poison Magic
   636 | D:1      | Reached skill level 1 in Air Magic
   755 | D:2      | Reached XP level 3. HP: 18/21 MP: 0/6
  1407 | D:2      | Reached XP level 4. HP: 27/27 MP: 4/7
  1454 | D:2      | Reached skill level 2 in Air Magic
  2033 | D:3      | Noticed a bullfrog
  2039 | D:4      | HP: 6/27 [leopard gecko (3)]
  2040 | D:4      | Slain by an adder

Levels and vault maps discovered:
D:1:      nzn_arrival_settlement, layout_basic
D:2:      layout_basic
D:3:      layout_loops_ring
D:4:      layout_basic, chequers_temple_overflow_statue_of_worship,
          first_ration, minmay_misc_feat_tiny

Skill      XL: |  1  2  3  4 |
---------------+-------------+-----
Poison Magic   | 4 |  4.9
Air Magic      | 1 2 |  2.3
Dodging        | |  2.0
Stealth        | |  2.6
Spellcasting   | |  2.2
Conjurations   | |  1.3

Action                   |  1- 3 |  4- 6 || total
-------------------------+-------+-------++-------
Melee: Club              |     8 |     2 ||    10
       Constrict         |     2 |       ||     2
       Tentacles         |     1 |       ||     1
 Cast: Sting             |    15 |     2 ||    17
       Poisonous Vapours |    24 |    14 ||    38
  Use: Scroll            |       |     1 ||     1
  Eat: Chunk             |     3 |     2 ||     5
Armor: Skin              |       |     1 ||     1
Dodge: Dodged            |     9 |    10 ||    19

Table legend:
 A = Non-vault XP
 B = Vault XP
 C = Vault XP percentage of total XP
 D = Non-vault monster count
 E = Vault monster count
 F = Vault count percentage of total count
                 A         B        C        D         E       F
            +---------+---------+-------+---------+---------+-------
      Total |     117 |       0 |   0.0 |      40 |       0 |   0.0
            +---------+---------+-------+---------+---------+-------
        D:1 |      29 |       0 |   0.0 |      14 |       0 |   0.0
        D:2 |      87 |       0 |   0.0 |      25 |       0 |   0.0
        D:3 |       1 |       0 |   0.0 |       1 |       0 |   0.0
            +---------+---------+-------+---------+---------+-------

Levels and vault maps discovered:
D:1:      nzn_arrival_settlement, layout_basic
D:2:      layout_basic
D:3:      layout_loops_ring
D:4:      layout_basic, chequers_temple_overflow_statue_of_worship,
          first_ration, minmay_misc_feat_tiny

Table legend:
 A = Turns spent in this place as a percentage of turns spent in the entire game.
 B = Non-inter-level travel turns spent in this place as a percentage of non-inter-level travel turns spent in the entire game.
 C = Inter-level travel turns spent in this place as a percentage of turns spent in this place.
 D = Turns resting spent in this place as a percentage of non-inter-level travel turns spent in this place.
 E = Turns spent auto-exploring this place as a percentage of non-inter-level travel turns spent in this place.
 F = Non-inter-level travel turns spent in this place divided by the number of levels of this place that you've seen.
                   A       B       C       D       E      F
               +-------+-------+-------+-------+-------+----------------------
         Total | 100.0 | 100.0 |   3.5 |  31.1 |  56.7 | 492.0
       Dungeon | 100.0 | 100.0 |   3.5 |  31.1 |  56.7 | 492.0
               +-------+-------+-------+-------+-------+----------------------

Table legend:
 A = Kills in this place as a percentage of kills in entire the game.
 B = Kills by you in this place as a percentage of kills by you in the entire game.
 C = Kills by friends in this place as a percentage of kills by friends in the entire game.
 D = Other kills in this place as a percentage of other kills in the entire game.
 E = Experience gained in this place as a percentage of experience gained in the entire game.
 F = Experience gained in this place divided by the number of levels of this place that you have seen.
                   A       B       C       D       E      F
               +-------+-------+-------+-------+-------+----------------------
         Total | 100.0 | 100.0 |   N/A |   N/A | 100.0 |  29.2
       Dungeon | 100.0 | 100.0 |   N/A |   N/A | 100.0 |  29.2
               +-------+-------+-------+-------+-------+----------------------
